VOD

https://youtu.be/fo-nIxCPI6s

Replay - 4 Barrack Terran Rush TvZ - SC2 - StarCraft 2: LOTV

Build Order

Get SALT Encoding   

  12  0:02  SCV  
  13  0:23  Supply Depot  
  13  0:47  Supply Depot  
  13  0:49  SCV  
  14  1:01  Barracks  
  14  1:10  Supply Depot  
  14  1:13  SCV  
  14  1:17  Barracks  
  15  1:25  SCV  
  16  1:37  SCV  
  17  1:49  Barracks  
  17  1:51  SCV, Barracks  
  18  1:56  Marine  
  19  2:03  SCV  
  20  2:09  Refinery  
  20  2:10  Marine  
  20  2:14  Marine  
  22  2:20  SCV  
  23  2:28  Marine  
  24  2:32  Marine  
  25  2:38  Marine  
  25  2:39  Marine  
  27  2:44  SCV  
  27  2:46  Marine  
  27  2:50  Marine  
  30  2:52  Supply Depot  
  30  2:55  Marine  
  31  3:03  Marine  
  31  3:04  Marine  
  33  3:08  Marine  
  33  3:09  SCV  
  35  3:13  Marine  
  36  3:21  Marine  
  36  3:22  SCV, Marine  
  36  3:26  Marine  
  40  3:49  Marine  
  40  3:50  Marine x3  
  44  3:56  Supply Depot  
  44  4:02  Bunker  
  44  4:24  Barracks Reactor, Barracks Tech Lab x2  
  44  4:25  Barracks Reactor  
  44  4:27  Orbital Command  
  42  4:57  Marauder x2  
  46  5:03  Supply Depot  
  45  5:18  Marine  
  45  5:19  Marauder, Marine x4  
  52  5:34  Factory  
  52  5:36  Marine  
  52  5:37  Marine x3  
  52  5:39  Marine  
  57  5:50  Engineering Bay  
  57  5:54  Marine  
  53  5:57  Marine  
  49  6:09  Marine x4  
  41  6:12  Marine  
  41  6:15  Marine  
  43  6:21  Terran Infantry Weapons Level 1  
  43  6:23  Combat Shields  
  43  6:25  Concussive Shells  
  43  6:27  Marine x4  
  43  6:29  Marine  
  48  6:33  Marine  
  48  6:34  Supply Depot  
  49  6:44  Marine  
  49  6:45  Marine x3  
  53  6:47  Marine  
  53  6:53  Supply Depot x2  
  54  6:56  Marauder, Supply Depot  
  54  6:58  Missile Turret  
  56  7:02  Marine x2  
  56  7:03  Marine  
  56  7:06  Marauder  
  61  7:25  Marine x2, Stimpack  
  61  7:26  Marine x4  
  67  7:43  Marine x3  
  67  7:44  Marine  
  71  7:45  Marauder  
  73  7:54  Refinery  
  72  8:23  Command Center  
  72  8:43  Terran Infantry Armor Level 1, Factory  
  72  9:13  Factory  
  72  9:27  Factory Tech Lab  
  72  9:38  Orbital Command  
  72  9:44  Refinery  
  72  9:47  SCV  
  73  9:58  Factory Reactor  
  73  9:59  SCV, Siege Tank  
Spawning Tool Build Advisor. Get it on Overwolf

Go to:

Details

  • Created by: chewbox   
  • Published on: Mar 05, 2016
  • Modified on: Mar 05, 2016
  • Patch: Pre-3.8.0
Show
View Real Time Build Order
Export as new Build Order

Comments (1)

On March 7, 2016, 8:23 a.m., GGeoh  said:

Like if your in bronze this might work. Anything past bronze this will never work. +1 for being innovative in game where the meta game is almost set in stone.

Create an account to comment!